 Dungeon Sprint DCSS version 0.17-a0-1636-g3119f2b (webtiles) character file.

13972 Ajdolov the Brawler (level 11, 0/178 HPs)
             Began as a Troll Monk on Aug 5, 2015.
             Was the Champion of Cheibriados.
             Slain by a fire giant
             ... wielding a +0 great sword of flaming
              (3 damage)
             ... in the Dungeon (Sprint I: "Red Sonja").
             The game lasted 00:15:23 (2483 turns).

Ajdolov the Brawler (Troll Monk)                    Turns: 2483, Time: 00:15:23

Health: 0/178      AC: 25    Str: 36    XL:     11   Next: 82%
Magic:  17/17      EV:  1    Int: 21    God:    Cheibriados [******]
Gold:   604        SH:  0    Dex: 30    Spells: 0 memorised, 10 levels left

rFire  . . .     SeeInvis .       - Unarmed
rCold  . . .     Clarity  .     (armour currently unavailable)
rNeg   + + +     SustAt   .     (no shield)
rPois  +         Gourm    +     (helmet currently unavailable)
rElec  .         Spirit   .     (cloak currently unavailable)
rCorr  .         Warding  .     (gloves unavailable)
rMut   .         NoTele   +     (boots unavailable)
MR     .....                    (no amulet)
Stlth  +++.......               (no ring)
                                (no ring)

@: tree-form, very slightly contaminated, very slow, not resistant to hostile
enchantments, fairly stealthy
A: unfitting armour, (claws 0), fast metabolism 3, gourmand, regeneration 2,
(shaggy fur 0), (tough skin 0)
a: Bend Time, Temporal Distortion, Slouch, Step From Time, Renounce Religion


You were in the Dungeon.
You worshipped Cheibriados.
Cheibriados was exalted by your worship.
You were full.
You were a tree.
You visited 1 branch You collected 1280 gold pieces.
You spent 676 gold pieces at shops.

Inventory:

Hand weapons
 b - a +0 blowgun
Missiles
 l - 9 curare-tipped needles
Armour
 e - a +2 mottled dragon armour (melded)
Magical devices
 d - a wand of frost (10)
Scrolls
 n - a scroll of identify
 p - a scroll of torment {unknown}
 q - a scroll of recharging
Potions
 c - a potion of curing
 f - 2 potions of magic
 m - a potion of resistance {unknown}
 o - a potion of brilliance {unknown}
Comestibles
 g - a beef jerky
 j - a bread ration
 k - a royal jelly


   Skills:
 + Level 10.8 Fighting
 - Level 4.8 Armour
 + Level 10.9 Dodging
 - Level 2.0 Stealth
 - Level 20.2 Unarmed Combat
 + Level 9.3 Invocations
 - Level 0.8 Evocations


You had 10 spell levels left.
You didn't know any spells.

Dungeon Overview and Level Annotations

Branches:
Dungeon (1/1)

Altars:
Cheibriados
Dithmenos
Elyvilon
Fedhas
Gozag
Kikubaaqudgha
Makhleb
Nemelex Xobeh
Okawaru
Qazlal
Ru
Sif Muna
Trog
Vehumet
Xom
Yredelemnul
Zin
The Shining One
Jiyva

Shops:
D (*[!=!}:%*(%:(![[


Innate Abilities, Weirdness & Mutations

You are too large for most types of armour.
((You have claws for hands.))
Your metabolism is lightning-fast.
You like to eat raw meat.
You heal very quickly.
((You are covered in fur (AC +1).))
((You have very tough skin (AC +2).))


Message History

Drink which item? (? for menu, Esc to quit)
You turn into a tree.
Your +2 mottled dragon armour melds into your body.
Your roots penetrate the ground.
The fire giant hits you but does no damage.
You thrash the fire giant!!! Your punch misses the fire giant.
The fire giant is heavily wounded.
You hear a shout!
You hit the fire giant but do no damage.
The fire giant is heavily wounded.
The fire giant hits you with a great sword of flaming!!
* * * LOW HITPOINT WARNING * * *
The fire giant burns you!
* * * LOW HITPOINT WARNING * * *
You smack the fire giant!
The fire giant is heavily wounded.
The fire giant hits you with a great sword of flaming!
* * * LOW HITPOINT WARNING * * *
The fire giant burns you.
You die...

#...##'#.####§§.§§##$G+
#...'..#§# ##§§§######
#####§.§§# ###§#:!(##
#§.##)#### #§##$$$#
§§§#.^. #§.###$#
#.§#.§§. ##.#A#$#
##§###§.§ #..###.#
##.'.#^..# #.##...#
.###§#§§## #♣C#+###
)∩##.#..# ##CC.# ####.#
###.# .§##§# #.# .§...#
#.# ####§# ####'#
...#§# ###..C.# §.#'.#
#.C.#### §§####
.....CC###


You could see 3 fire giants.

Vanquished Creatures
  A fire giant (D)
  2 centaur warriors (D)
  Sonja (D)
  7 unseen horrors (D)
  A deep troll (D)
  A lindwurm (D)
  An oklob plant (D)
  A gargoyle (D)
  2 kobold demonologists (D)
  4 demonic crawlers (D)
  A slime creature (D)
  4 trapdoor spiders (D)
  Sigmund (D)
  A yak (D)
  13 hogs (D)
  A wasp (D)
  An ogre (D)
  7 necrophages (D)
  8 jellies (D)
  Ijyb (D)
  2 giant eyeballs (D)
  A ballistomycete (D)
62 creatures vanquished.

Vanquished Creatures (others)
  the Lernaean hydra (D)
  A gargoyle (D)
  2 wasps (D)
  2 giant spores (D)
6 creatures vanquished.

Grand Total: 68 creatures vanquished

Notes
Turn   | Place    | Note
--------------------------------------------------------------
     0 | D        | Ajdolov the Troll Monk began the quest for the Orb.
     0 | D        | Reached XP level 1. HP: 22/22 MP: 0/0
     1 | D        | Noticed Ijyb
     9 | D        | Killed Ijyb
     9 | D        | Reached skill level 6 in Unarmed Combat
     9 | D        | Reached XP level 2. HP: 8/31 MP: 1/1
    13 | D        | Noticed an ogre
    60 | D        | Killed an ogre
    60 | D        | Reached skill level 8 in Unarmed Combat
    60 | D        | Reached XP level 3. HP: 28/39 MP: 2/2
    60 | D        | Reached XP level 4. HP: 34/48 MP: 3/3
    96 | D        | Noticed Sigmund
   104 | D        | Killed Sigmund
   104 | D        | Reached skill level 5 in Fighting
   104 | D        | Reached skill level 5 in Dodging
   104 | D        | Reached skill level 10 in Unarmed Combat
   104 | D        | Reached XP level 5. HP: 42/57 MP: 4/4
   104 | D        | Reached XP level 6. HP: 48/66 MP: 5/5
   158 | D        | Found a snail-covered altar of Cheibriados.
   158 | D        | Found a viscous altar of Jiyva.
   158 | D        | Found a shadowy altar of Dithmenos.
   158 | D        | Found a blossoming altar of Fedhas.
   158 | D        | Noticed a slime creature
   168 | D        | Killed a slime creature
   168 | D        | Reached skill level 11 in Unarmed Combat
   239 | D        | Became a worshipper of Cheibriados the Contemplative
   239 | D        | Acquired Cheibriados's first power
   241 | D        | Found a deep blue altar of Sif Muna.
   241 | D        | Noticed a jelly
   243 | D        | Found a radiant altar of Vehumet.
   247 | D        | Killed a jelly
   269 | D        | Found Egguoff's Assorted Antiques.
   269 | D        | Found a white marble altar of Elyvilon.
   269 | D        | Found a stormy altar of Qazlal.
   269 | D        | Found a basalt altar of Yredelemnul.
   269 | D        | Found an iron altar of Okawaru.
   269 | D        | Found a sparkling altar of Nemelex Xobeh.
   269 | D        | Found a shimmering altar of Xom.
   269 | D        | Found an ancient bone altar of Kikubaaqudgha.
   269 | D        | Noticed a yak
   271 | D        | Found a burning altar of Makhleb.
   271 | D        | Found a sacrificial altar of Ru.
   271 | D        | Found an opulent altar of Gozag.
   274 | D        | Killed a yak
   274 | D        | Reached skill level 12 in Unarmed Combat
   274 | D        | Reached XP level 7. HP: 74/76 MP: 6/6
   275 | D        | Found a glowing golden altar of the Shining One.
   275 | D        | Found a glowing silver altar of Zin.
   277 | D        | Found a bloodstained altar of Trog.
   288 | D        | Noticed Sonja
   300 | D        | Noticed a centaur warrior
   318 | D        | Noticed a kobold demonologist
   324 | D        | Noticed a kobold demonologist
   328 | D        | Noticed a hellwing
   328 | D        | Killed a kobold demonologist
   328 | D        | Reached skill level 13 in Unarmed Combat
   337 | D        | Killed a kobold demonologist
   337 | D        | Reached skill level 14 in Unarmed Combat
   337 | D        | Reached XP level 8. HP: 76/84 MP: 7/7
   342 | D        | Noticed a demonic crawler
   342 | D        | Noticed a demonic crawler
   342 | D        | Noticed a demonic crawler
   342 | D        | Noticed a demonic crawler
   352 | D        | Was placed under penance by Cheibriados
   355 | D        | Killed a demonic crawler
   355 | D        | Was forgiven by Cheibriados
   355 | D        | Reached skill level 15 in Unarmed Combat
   362 | D        | Killed a demonic crawler
   362 | D        | Reached skill level 16 in Unarmed Combat
   366 | D        | Killed a demonic crawler
   366 | D        | Acquired Cheibriados's second power
   366 | D        | Reached XP level 9. HP: 83/92 MP: 8/8
   369 | D        | Killed a demonic crawler
   369 | D        | Reached skill level 17 in Unarmed Combat
   415 | D        | Noticed a lindwurm
   419 | D        | Killed a lindwurm
   449 | D        | Noticed a hog
   449 | D        | Noticed a hog
   449 | D        | Noticed a hog
   449 | D        | Noticed a hog
   449 | D        | Noticed a hog
   449 | D        | Noticed a hog
   449 | D        | Noticed a hog
   449 | D        | Noticed a hog
   449 | D        | Noticed a hog
   449 | D        | Noticed a hog
   452 | D        | Killed a hog
   452 | D        | Acquired Cheibriados's third power
   452 | D        | Reached skill level 18 in Unarmed Combat
   455 | D        | Killed a hog
   457 | D        | Killed a hog
   461 | D        | Killed a hog
   461 | D        | Acquired Cheibriados's fourth power
   463 | D        | Killed a hog
   464 | D        | Noticed a hog
   464 | D        | Noticed a hog
   464 | D        | Noticed a hog
   465 | D        | Killed a hog
   469 | D        | Killed a hog
   469 | D        | Reached skill level 19 in Unarmed Combat
   479 | D        | Killed a hog
   485 | D        | Killed a hog
   485 | D        | Reached XP level 10. HP: 48/100 MP: 9/9
   488 | D        | Killed a hog
   490 | D        | Killed a hog
   572 | D        | Killed a hog
   574 | D        | Killed a hog
   574 | D        | Reached skill level 20 in Unarmed Combat
   586 | D        | Noticed a 12-headed hydra
   619 | D        | Noticed a centaur warrior
   625 | D        | Killed a centaur warrior
   625 | D        | Reached skill level 1 in Armour
   625 | D        | Reached skill level 1 in Invocations
   626 | D        | Killed a centaur warrior
   756 | D        | Noticed a wasp
   758 | D        | Killed a wasp
   770 | D        | Noticed an oklob plant
   819 | D        | Killed an oklob plant
   881 | D        | Noticed a trapdoor spider
   881 | D        | Noticed a trapdoor spider
   882 | D        | Noticed a trapdoor spider
   883 | D        | Killed a trapdoor spider
   886 | D        | Noticed a trapdoor spider
   888 | D        | Killed a trapdoor spider
   893 | D        | Killed a trapdoor spider
   900 | D        | Killed a trapdoor spider
  1071 | D        | Noticed a jelly
  1071 | D        | Noticed a jelly
  1071 | D        | Noticed a jelly
  1074 | D        | Noticed a jelly
  1074 | D        | Noticed a jelly
  1074 | D        | Noticed a jelly
  1074 | D        | Noticed a jelly
  1080 | D        | Noticed a necrophage
  1085 | D        | Noticed a necrophage
  1085 | D        | Noticed a necrophage
  1086 | D        | Killed a jelly
  1091 | D        | Killed a jelly
  1093 | D        | Killed a necrophage
  1096 | D        | Killed an unseen horror
  1096 | D        | Reached skill level 5 in Invocations
  1098 | D        | Killed a jelly
  1099 | D        | Killed a jelly
  1101 | D        | Killed a necrophage
  1101 | D        | Reached XP level 11. HP: 91/113 MP: 13/13
  1102 | D        | Killed a jelly
  1104 | D        | Killed a necrophage
  1115 | D        | Killed a jelly
  1118 | D        | Killed a jelly
  1239 | D        | Killed Sonja
  1272 | D        | Noticed a deep troll
  1317 | D        | Found Ehukauni's Antique Weapon Boutique.
  1379 | D        | Noticed a necrophage
  1379 | D        | Noticed a necrophage
  1391 | D        | Killed an unseen horror
  1392 | D        | Killed a necrophage
  1533 | D        | Killed a wasp
  1540 | D        | Noticed a necrophage
  1540 | D        | Noticed a necrophage
  1544 | D        | Killed a necrophage
  1549 | D        | Killed a necrophage
  1550 | D        | Killed a necrophage
  1573 | D        | Killed a wasp
  1616 | D        | Noticed a gargoyle
  1623 | D        | Killed the 27-headed Lernaean hydra
  1634 | D        | Noticed a daeva
  1643 | D        | Noticed an unseen horror
  1643 | D        | Noticed an unseen horror
  1645 | D        | Noticed an unseen horror
  1646 | D        | Noticed an unseen horror
  1646 | D        | Killed an unseen horror
  1646 | D        | Killed an unseen horror
  1646 | D        | Killed an unseen horror
  1681 | D        | Killed an unseen horror
  1681 | D        | Reached skill level 10 in Fighting
  1681 | D        | Reached skill level 10 in Dodging
  1687 | D        | Killed a gargoyle
  1853 | D        | Killed a gargoyle
  1916 | D        | Killed a deep troll
  1933 | D        | Found Jeofeaca's Armour Emporium.
  1938 | D        | Bought a +2 mottled dragon armour for 676 gold pieces
  2032 | D        | Noticed a shining eye
  2032 | D        | Noticed a shining eye
  2032 | D        | Noticed a shining eye
  2071 | D        | Found Qexeruv's Distillery.
  2071 | D        | Found Plog's Armour Shop.
  2071 | D        | Found Fyra's Jewellery Boutique.
  2073 | D        | Found Muicy's Distillery.
  2073 | D        | Found Todgh's Gadget Shop.
  2073 | D        | Found Fudum's Book Shoppe.
  2073 | D        | Found Kafo's Food Boutique.
  2073 | D        | Found Gaanlef's General Store.
  2073 | D        | Found Sageissi's Weapon Shop.
  2073 | D        | Found Doriaveaf's Food Shoppe.
  2077 | D        | Found Toduut's Book Boutique.
  2078 | D        | Found Moepry's Distillery.
  2078 | D        | Found Jumuit's Antique Weapon Boutique.
  2079 | D        | Found Xadgh's Antique Armour Emporium.
  2270 | D        | Killed an unseen horror
  2404 | D        | Noticed a fire giant
  2412 | D        | Killed a fire giant
  2464 | D        | Noticed a fire giant
  2467 | D        | Noticed a fire giant
  2468 | D        | Noticed a fire giant
  2483 | D        | HP: 3/178 [fire giant/great sword of flaming (8)]
  2483 | D        | Slain by a fire giant

Vault maps used:
D:        dungeon_sprint_1

Action                   |  1- 3 |  4- 6 |  7- 9 | 10-12 || total
-------------------------+-------+-------+-------+-------++-------
Melee: Unarmed           |    10 |    18 |    53 |    77 ||   158
 Fire: Blowgun           |       |       |       |     1 ||     1
Invok: Slouch            |       |       |       |     2 ||     2
Evoke: Wand              |     1 |     2 |       |     3 ||     6
  Use: Potion            |     1 |       |     1 |     3 ||     5
       Scroll            |       |       |       |     4 ||     4
 Stab: Sleeping          |       |       |     1 |       ||     1
  Eat: Chunk             |       |     3 |     6 |     4 ||    13
       Bread ration      |       |       |       |     1 ||     1
